AoeStats
← catchchez

Four Lakes

507680755Analyzed
1v1 RM · 15d ago on Sep 19, 2026· 33m 34s· 2 players
Game mode
Random Map
Map size
Tiny (2 player)
Population
200
Speed
Normal
Resources
Standard
Victory
Conquest
Starting age
Dark Age
Ending age
Imperial Age
RankedLock teamsTeams togetherTeam positionsShared explorationLock speedFull tech treeHidden civsTurbo modeCheats
Victory
Defeat
🇮🇳 Hindustanis · India
737
+18
🇪🇸 Lithuanians · Spain
787
-18
catchchez
1:41 Loom
9:32 Feudal Age
10:11 Man-at-Arms
13:09 Double-Bit Axe
22:29 Castle Age
21:44 Fletching
28:36 Pikeman
garbanzomoruno
1:39 Loom
9:35 Loom
12:16 Feudal Age
23:05 Castle Age
22:35 Double-Bit Axe
23:30 Forging
28:41 Scale Barding Armor
29:13 Iron Casting
28:36 Fletching
Connection lost

Rejoining the realm…

Still unreachable

The connection could not be restored.

Session expired

The server has moved on; the page needs a fresh start.